 Dungeon Crawl Stone Soup version 0.32-a0-747-gc8563f6773 (webtiles) character file.

Game seed: 12258971209451611913

17361 ytrimaz the Protected (level 12, -6/82 HPs)
             Began as a Coglin Fighter on Mar 18, 2024.
             Was an Elder of Hepliaklqana.
             Shot with a bolt by a yaktaur captain (13 damage)
             ... on level 12 of the Dungeon.
             The game lasted 00:16:04 (12599 turns).

ytrimaz the Protected (Coglin Fighter)             Turns: 12599, Time: 00:16:05

Health: -6/82      AC: 22    Str: 23    XL:     12   Next: 47%
Magic:  12/12      EV:  8    Int: 20    God:    Hepliaklqana [****..]
Gold:   78         SH:  0    Dex: 13    Spells: 11/11 levels left

rFire   + . .        b - +1 war axe (flame) {Koruri}
rCold   + + +        C - +9 lance "Wyrmbane" {slay drac, rPois rF+ rC+ AC+3}
rNeg    . . .        G - +1 chain mail {rC+}
rPois   +            F - +0 helmet "Hig Gaas" {Str+2 Int+4}
rElec   +            a - +0 cloak of Rumasez {rElec rC+ Int+9 Dex-2}
rCorr   .            (no gloves)
SInv    .            J - +1 pair of boots {Fly}
Will    .....        (amulet unavailable) Stlth
                     (ring unavailable)
HPRegen 0.33/turn    (ring unavailable)
MPRegen 0.13/turn    (no gizmo)

%: no passive effects
@: flayed, flying, revved
A: reduced essence, off-hand wielding, slow wielding, warmup strikes, no
jewellery
a: Invent Gizmo, Renounce Religion, Recall Ancestor, Ancestor Identity,
Transference, Idealise


You were on level 12 of the Dungeon.
You worshipped Hepliaklqana.
Hepliaklqana was greatly pleased with you.
You visited 2 branches of the dungeon, and saw 13 of its levels.

You collected 689 gold pieces.
You spent 611 gold pieces at shops.


Innate Abilities, Weirdness & Mutations

Your life essence is reduced to manifest your ancestor. (-10% HP)
You can wield a second weapon in your off-hand.
It takes a long time for you to wield or remove held weapons.
Your first few attacks do less damage.
You cannot equip rings or amulets.


   Skills:
 - Level 8.0 Fighting
 + Level 11.9(12.8) Axes
 + Level 6.8(9.8) Polearms
 + Level 12.0 Armour
 - Level 2.1 Shields


You had 11 spell levels left.
You didn't know any spells.
Your spell library contained the following spells:

 Spells                   Type           Power      Damage    Failure   Level
 Sandblast                Erth           0%         2d4       61%         1
 Call Canine Familiar     Summ           0%         N/A       93%         3
 Sigil of Binding         Hex            0%         N/A       93%         3
 Stone Arrow              Conj/Erth      0%         3d7       93%         3
 Volatile Blastmotes      Fire/Tloc      0%         2d10      93%         3
 Anguish                  Hex/Necr       0%         N/A       100%        4
 Brom's Barrelling Bould  Conj/Erth      0%         2d3       100%        4
 Dimensional Bullseye     Hex/Tloc       0%         N/A       100%        4
 Fulminant Prism          Conj/Alch      0%         3d5       100%        4
 Iskenderun's Mystic Bla  Conj/Tloc      0%         2d3       100%        4
 Olgreb's Toxic Radiance  Alch           0%         N/A       100%        4
 Passage of Golubria      Tloc           0%         N/A       100%        4
 Alistair's Intoxication  Alch           0%         N/A       100%        5
 Silence                  Hex/Air        0%         N/A       100%        5
 Summon Forest            Summ/Tloc      0%         N/A       100%        5
 Eringya's Noxious Bog    Alch           0%         4d6       100%        6
 Summon Hydra             Summ           0%         N/A       100%        7
 Lehudib's Crystal Spear  Conj/Erth      0%         10d2      100%        8

Inventory:

Hand Weapons
 b - a +1 war axe of flaming (weapon) {Koruri}
   (You took it off Harold on level 9 of the Dungeon)
 i - a +1 dagger of venom {Ekveer}
   (You took it off a goblin on level 1 of the Dungeon)
 o - a +2 whip of electrocution {Nindada}
   (You took it off an orc on level 8 of the Dungeon)
 C - the +9 lance "Wyrmbane" (offhand) {slay drac, rPois rF+ rC+ AC+3}
   (You took it off Maggie on level 8 of the Dungeon)

   AC+3:      It affects your AC (+3).
   rF+:       It protects you from fire.
   rC+:       It protects you from cold.
   rPois:     It protects you from poison.
Missiles
 E - 6 throwing nets
Armour
 a - the +0 cloak of Rumasez (worn) {rElec rC+ Int+9 Dex-2}
   (You acquired it on level 12 of the Dungeon)

   Int+9:     It affects your intelligence (+9).
   Dex-2:     It affects your dexterity (-2).
   rC+:       It protects you from cold.
   rElec:     It insulates you from electricity.
 D - +0 swamp dragon scales
   (You took it off Maggie on level 8 of the Dungeon)
 F - the +0 helmet "Hig Gaas" (worn) {Str+2 Int+4}
   (You bought it in a shop on level 9 of the Dungeon)

   Str+2:     It affects your strength (+2).
   Int+4:     It affects your intelligence (+4).
 G - a +1 chain mail of cold resistance (worn)
   (You bought it in a shop on level 9 of the Dungeon)
 J - a +1 pair of boots of flying (worn)
   (You bought it in a shop on level 9 of the Dungeon)
Wands
 m - a wand of warping (4)
   (You found it on level 12 of the Dungeon)
 q - a wand of flame (62)
   (You found it on level 3 of the Dungeon)
 w - a wand of mindburst (10)
   (You found it on level 5 of the Dungeon)
 x - a wand of quicksilver (4) (quivered)
   (You found it on level 8 of the Dungeon)
 y - a wand of paralysis (31)
   (You found it on level 6 of the Dungeon)
Scrolls
 c - 3 scrolls of teleportation
 k - 3 scrolls of vulnerability
 r - 4 scrolls of fog
 s - a scroll of silence
 t - 2 scrolls of noise
 v - 3 scrolls of poison
 A - 2 scrolls of amnesia
 B - 2 scrolls of immolation
Potions
 d - 3 potions of might
 e - 2 potions of resistance
 f - 3 potions of ambrosia
 g - 14 potions of degeneration
 h - 2 potions of curing
 j - 2 potions of attraction
 l - a potion of heal wounds
 n - 3 potions of haste
 u - 2 potions of brilliance
 z - 2 potions of berserk rage
 H - a potion of magic
 I - a potion of enlightenment

Dungeon Overview and Level Annotations

Branches:
Dungeon (12/15) Zot: 26316  Temple (1/1) D:4 Zot: 5960    Lair (0/5) D:9
    Orc (0/2) D:9

Altars:
Ashenzari
Cheibriados
Dithmenos
Elyvilon
Fedhas
Gozag
Hepliaklqana
Kikubaaqudgha
Makhleb
Nemelex Xobeh
Okawaru
Qazlal
Ru
Sif Muna
Trog
Uskayaw
Vehumet
Wu Jian
Xom
Yredelemnul
Zin
The Shining One

Shops:
D:4 =   D:9 [

Annotations:
D:4 3 runed translucent doors, javelincjr's ghost, amateur DsWr

##........~≈~≈≈≈~.......##
#.......~~≈≈≈≈≈≈≈≈~......#
##......≈~≈≈≈≈≈≈≈≈≈~~.....##
#......~≈≈########≈≈~~.....#
#.....~≈≈≈#......#≈≈~≈~....#
##.)..~~≈≈≈#......#≈≈≈≈~....#
#.....~~≈≈##......##≈≈≈≈~....
#....~≈≈≈##.RW# ##≈≈≈≈....
#....≈####..@# ####~.(..
#...)~#.....)# #≈~..#
#...~~#.....#c# #≈≈.##
#..........###)[ #≈~.'.
#..........# .)# #≈~.'.
#...~~#.....# #.# #≈††##
#....~#......# #.. #~~..#
#....~####...# .|. #~....
#....~~ ##...# .# ≈≈~....


You could see the friendly Junokkia the battlemage, a yaktaur captain and a
flayed ghost (ally target).


Message History

Okay, then.
Unknown command.
Aiming: Paralyse
Press: ? - help, Q - select action, (/) - cycle Shift-Dir - straight line, f/p - ettin
Aim: an ettin, wielding two +0 dire flails (almost dead, chance to affect: 31%)
Okay, then.
Aiming: Quicksilver Bolt
Press: ? - help, Q - select action, (/) - cycle Shift-Dir - straight line, f/p - ettin
Aim: an ettin, wielding two +0 dire flails (almost dead, 94% to hit)
The bolt of dispelling energy hits the ettin!
You kill the ettin!
Unknown command. 😱 HP[+1] 😱 HP[+1]
You start resting.
Junokkia emerges from the mists of memory! 😨 HP[+15]
You regained 15 hp, and now have 31/82 hp.
You start resting. 😎 HP[+51]
Your hp is fully restored (82).
Unknown command.
You swap places.
Things that are here:
a +0 arbalest; a book of Blasting; a yaktaur skeleton A yaktaur captain comes into view.
A flayed ghost comes into view.
The yaktaur captain wields a +0 arbalest.
The yaktaur captain shoots a bolt.
The bolt hits you!! 😕 HP[-19]
You take 19 damage, and now have 63/82 hp.
MASSIVE DAMAGE!! (PAUSE)
You start resting.
Junokkia hits the yaktaur captain with a +0 quarterstaff! 😕 HP[+1] Unknown command.
You completely miss the yaktaur captain with your +1 war axe of flaming.
You completely miss the yaktaur captain with the +9 lance "Wyrmbane".
Unknown command.
You puncture the yaktaur captain with the +9 lance "Wyrmbane"!
You hit the yaktaur captain with your +1 war axe of flaming.
You burn the yaktaur captain.
You hear a shout!
The yaktaur captain unwields a +0 arbalest.
The yaktaur captain hits you but does no damage.
Junokkia hits the yaktaur captain but does no damage.
You puncture the yaktaur captain with the +9 lance "Wyrmbane"!
You slash the yaktaur captain with your +1 war axe of flaming!
You burn the yaktaur captain.
Junokkia points at the yaktaur captain and mumbles some strange words.
The puff of frost hits the yaktaur captain.
The yaktaur captain hits Junokkia but does no damage.
You hear a shout!
You puncture the yaktaur captain with the +9 lance "Wyrmbane"!
You hit the yaktaur captain with your +1 war axe of flaming.
You burn the yaktaur captain.
The flayed ghost cries, "Suffer as I suffered!"
Terrible wounds open up all over your body! 😮 HP[-15]
You take 15 damage, and now have 49/82 hp.
Unknown command.
You hit the yaktaur captain with the +9 lance "Wyrmbane".
You completely miss the yaktaur captain with your +1 war axe of flaming.
Junokkia points at the yaktaur captain and mumbles some strange words.
The stone arrow hits the yaktaur captain!
The yaktaur captain dies!
Your Armour skill increases to level 12! 😮 HP[+1] Unknown command.
A yaktaur captain comes into view.
The yaktaur captain shouts!
The flayed ghost stares at you with tortured malice.
Terrible wounds spread across more of your body!
* * * LOW HITPOINT WARNING * * *
The yaktaur captain hits you.
* * * LOW HITPOINT WARNING * * *
Things that are here:
a +0 arbalest; a yaktaur corpse; 😨 HP[-13]
You take 13 damage, and now have 37/82 hp.
You swap places.
The flayed ghost hits you!
* * * LOW HITPOINT WARNING * * *
The yaktaur captain hits Junokkia! 😨 HP[-7]
You take 7 damage, and now have 30/82 hp.
Unknown command.
You closely miss the flayed ghost with the +9 lance "Wyrmbane".
You closely miss the flayed ghost with your +1 war axe of flaming.
The flayed ghost hits you but does no damage.
The yaktaur captain wields a +0 arbalest.
The yaktaur captain shoots a bolt.
The bolt hits you!!
* * * LOW HITPOINT WARNING * * *
😱 HP[-23]
You take 23 damage, and now have 7/82 hp.
MASSIVE DAMAGE!! (PAUSE)
You hit the flayed ghost with the +9 lance "Wyrmbane".
You barely miss the flayed ghost with your +1 war axe of flaming.
The flayed ghost hits you but does no damage.
The yaktaur captain shoots a bolt.
The bolt hits you!
You die...
Hepliaklqana delivers you to your ancestors.

Skill      XL: |  1  2  3  4  5  6  7  8  9 10 11 12 |
---------------+-------------------------------------+-----
Armour         | 3 4 5 6 7 8 10 11 12 | 12.0
Axes           | 3 5 7 9 11 | 11.9
Fighting       | 4 5 6 7 8 |  8.0
Polearms       | 2 5 6 |  6.8
Shields        | |  2.1

Action                     |  1- 3 |  4- 6 |  7- 9 | 10-12 || total
---------------------------+-------+-------+-------+-------++-------
  Melee: War axe           |    80 |   108 |   182 |   151 ||   521
         Dagger            |    27 |   105 |   171 |    13 ||   316
         Whip              |       |       |       |    58 ||    58
         Lance             |       |       |       |   181 ||   181
 Invoke: Ancestor Life: Ba |       |       |     1 |       ||     1
         Recall Ancestor   |       |       |       |     1 ||     1
  Evoke: Wand              |       |       |       |    10 ||    10
    Use: Scroll            |     1 |     5 |     2 |    14 ||    22
         Potion            |       |     1 |     4 |     4 ||     9
   Stab: Distracted        |       |       |     1 |     8 ||     9
 Armour: Scale mail        |    82 |   101 |       |       ||   183
         Chain mail        |       |    20 |   223 |   191 ||   434
  Dodge: Dodged            |    47 |    70 |    85 |    81 ||   283
  Block: Buckler           |    14 |       |       |       ||    14

Levels and vault maps discovered:
D:1:      tarquinn_simple_flora_water_e, layout_basic, hex_tiny,
          minmay_misc_feat_hallway
D:2:      layout_loops_ring, nicolae_wormholes
D:3:      layout_basic
D:4:      layout_basic, temple_fountains, serial_shops, nicolae_diamond_shop,
          gammafunk_ghost_necromancy, portal_sewer_entry_b,
          nicolae_elevator_lobby_asterisk
D:5:      layout_basic, uniq_grinder, uniq_blork_the_orc
D:6:      layout_loops_ring
D:7:      layout_cave_pools, enter_bailey_2, serial_rivers,
          chequers_serial_rivers_marsh, chequers_serial_rivers_micro_e,
          chequers_serial_rivers_room_b, chequers_serial_rivers_small_a,
          uniq_jeremiah
D:8:      layout_loops_corners, nicolae_overflow_hidden_temple, uniq_joseph,
          uniq_prince_ribbit1, uniq_grum, uniq_maggie
D:9:      statuecave_lemuel, layout_basic, erik_lair_orcish_takeover,
          erik_orc_1, serial_shops, shop, uniq_erica, uniq_harold
D:10:     layout_loops_corners, uniq_erolcha, uniq_psyche
D:11:     layout_loops_ring, serial_rivers, chequers_serial_rivers_room_a,
          chequers_serial_rivers_large_a, chequers_serial_rivers_room_a,
          chequers_serial_rivers_room_a
D:12:     cross_vault, layout_basic, serial_shops, shop, minivault_10,
          minivault_16
Temple:   compressed_dpeg_triangle_lava_temple

Notes
Turn   | Place    | Note
-------+----------+-------------------------------------------
     0 | D:1      | ytrimaz the Coglin Fighter began the quest for the Orb.
     0 | D:1      | Reached XP level 1. HP: 18/18 MP: 1/1
     0 | D:1      | magus.rc [v1.9.6]
    83 | D:1      | Reached XP level 2. HP: 15/24 MP: 2/2
   198 | D:1      | Reached skill level 3 in Armour
   719 | D:1      | Reached XP level 3. HP: 29/29 MP: 3/3
  1377 | D:2      | Reached XP level 4. HP: 37/37 MP: 4/4
  1540 | D:2      | Reached skill level 3 in Axes
  2130 | D:3      | Reached skill level 4 in Fighting
  2218 | D:3      | Reached XP level 5. HP: 25/42 MP: 5/5
  2303 | D:3      | You pick up a book of Geomancy and begin reading...
  2303 | D:3      | You add the spells Sandblast, Stone Arrow and Brom's
                  | Barrelling Boulder to your library.
  2733 | D:4      | Reached skill level 4 in Armour
  2734 | D:4      | HP: 10/43 [poisoned by a scorpion]
  2737 | D:4      | Reached XP level 6. HP: 12/49 MP: 6/6
  2932 | D:4      | Found a runed translucent gate.
  2932 | D:4      | Found a runed translucent gate.
  2932 | D:4      | Found a runed translucent gate.
  3006 | D:4      | Noticed javelincjr's ghost (amateur DsWr)
  3030 | D:4      | Reached skill level 5 in Fighting
  3193 | D:4      | Found Ygoice's Jewellery Shop.
  3202 | D:4      | Found a staircase to the Ecumenical Temple.
  3473 | D:4      | HP: 7/51 [ogre/+0 giant spiked club (29)]
  3477 | D:4      | Reached skill level 5 in Armour
  3477 | D:4      | Reached XP level 7. HP: 9/57 MP: 7/7
  3842 | Temple   | Entered the Ecumenical Temple
  3874 | Temple   | Became a worshipper of Hepliaklqana the Forgotten
  3957 | D:5      | Entered Level 5 of the Dungeon
  4036 | D:5      | Noticed Grinder
  4051 | D:5      | Killed Grinder
  4052 | D:5      | Reached skill level 6 in Fighting
  4204 | D:5      | Noticed Blork the orc
  4212 | D:5      | Killed Blork the orc
  4213 | D:5      | Reached skill level 6 in Armour
  4213 | D:5      | Reached XP level 8. HP: 43/65 MP: 8/8
  4424 | D:5      | Reached skill level 7 in Fighting
  4424 | D:5      | Reached skill level 4 in Axes
  4625 | D:5      | Reached * piety under Hepliaklqana
  5478 | D:6      | Reached skill level 5 in Axes
  5511 | D:6      | Reached skill level 7 in Armour
  5511 | D:6      | Reached XP level 9. HP: 51/66 MP: 9/9
  5554 | D:6      | Reached skill level 8 in Fighting
  5967 | D:6      | Reached ** piety under Hepliaklqana
  5979 | D:6      | Remembered your ancestor Junokkia as a battlemage
  6209 | D:7      | Reached skill level 6 in Axes
  6213 | D:7      | HP: 16/66 [killer bee (4)]
  6498 | D:7      | Reached skill level 8 in Armour
  6534 | D:7      | Reached skill level 7 in Axes
  6540 | D:7      | You pick up a book of the Moon and begin reading...
  6540 | D:7      | You add the spells Passage of Golubria, Silence and
                  | Lehudib's Crystal Spear to your library.
  6548 | D:7      | You pick up a book of the Hunter and begin reading...
  6548 | D:7      | You add the spells Sigil of Binding, Call Canine Familiar
                  | and Dimensional Bullseye to your library.
  6562 | D:7      | Found a flagged portal.
  6571 | D:7      | HP: 13/66 [orc warrior/+0 scimitar (10)]
  6754 | D:7      | Noticed Jeremiah
  6783 | D:7      | Killed Jeremiah
  6784 | D:7      | Reached XP level 10. HP: 43/72 MP: 10/10
  7326 | D:8      | Reached skill level 8 in Axes
  7328 | D:8      | Reached skill level 9 in Armour
  7960 | D:8      | Maggie the Vainglorious comes into view. She is wielding
                  | the +9 lance "Wyrmbane" {slay drac, rPois rF+ rC+ AC+3}.
  7960 | D:8      | Noticed Maggie
  7972 | D:8      | Killed Maggie
  7974 | D:8      | Noticed Prince Ribbit
  7978 | D:8      | Killed Prince Ribbit
  8082 | D:8      | Noticed a two-headed ogre
  8090 | D:8      | Killed a two-headed ogre
  8091 | D:8      | Reached skill level 9 in Axes
  8147 | D:8      | Noticed Grum
  8153 | D:8      | Killed Grum
  8191 | D:8      | Found a glowing golden altar of the Shining One.
  8191 | D:8      | Found a blossoming altar of Fedhas.
  8196 | D:8      | Found an opulent altar of Gozag.
  8333 | D:8      | Noticed Joseph
  8342 | D:8      | Killed Joseph
  8343 | D:8      | Reached skill level 1 in Polearms
  8343 | D:8      | Reached skill level 10 in Armour
  8527 | D:8      | Reached *** piety under Hepliaklqana
  8611 | D:9      | Noticed Erica
  8618 | D:9      | Killed Erica
  8619 | D:9      | Reached skill level 2 in Polearms
  8749 | D:9      | Reached XP level 11. HP: 51/77 MP: 11/11
  8756 | D:9      | Found a staircase to the Lair.
  8767 | D:9      | HP: 17/76 [wolf (5)]
  8769 | D:9      | Reached skill level 3 in Polearms
  8771 | D:9      | HP: 5/77 [orc priest/nerve-wracking pain (13)]
  8772 | D:9      | Reached skill level 10 in Axes
  9023 | D:9      | You add the spells Olgreb's Toxic Radiance, Anguish,
                  | Alistair's Intoxication and Eringya's Noxious Bog to your
                  | library.
  9023 | D:9      | Got Alannuq's Enchiridion on the Virous Maleficium
  9081 | D:9      | Found Abryan's Antique Armour Shop.
  9089 | D:9      | Bought an ichor-stained helmet for 237 gold pieces
  9089 | D:9      | Identified the +0 helmet "Hig Gaas" {Str+2 Int+4} (You
                  | bought it in a shop on level 9 of the Dungeon)
  9104 | D:9      | Noticed Harold
  9112 | D:9      | HP: 19/77 [Harold/+1 war axe of freezing (19)]
  9113 | D:9      | Killed Harold
  9578 | D:9      | Found a staircase to the Orcish Mines.
  9749 | D:9      | Reached skill level 4 in Polearms
  9926 | D:10     | Entered Level 10 of the Dungeon
  9926 | D:10     | Noticed Psyche
  9939 | D:10     | Killed Psyche
  9978 | D:10     | Noticed a two-headed ogre
  9984 | D:10     | Killed a two-headed ogre
 10019 | D:10     | Reached skill level 11 in Armour
 10473 | D:10     | Noticed Erolcha
 10483 | D:10     | Killed Erolcha
 10484 | D:10     | Reached skill level 5 in Polearms
 10512 | D:10     | Reached **** piety under Hepliaklqana
 10775 | D:11     | Noticed a boulder beetle
 10784 | D:11     | Killed a boulder beetle
 10785 | D:11     | Reached skill level 11 in Axes
 11097 | D:11     | Noticed a cyclops
 11102 | D:11     | Killed a cyclops
 11333 | D:11     | Reached XP level 12. HP: 50/82 MP: 12/12
 11803 | D:9      | Bought a shiny chain mail for 187 gold pieces
 11803 | D:9      | Bought a pair of runed boots for 187 gold pieces
 11913 | D:12     | You pick up a book of Blasting and begin reading...
 11913 | D:12     | You add the spells Volatile Blastmotes, Fulminant Prism and
                  | Iskenderun's Mystic Blast to your library.
 12031 | D:12     | You add the spells Summon Forest and Summon Hydra to your
                  | library.
 12072 | D:12     | Identified a scroll of acquirement
 12099 | D:12     | Noticed a two-headed ogre
 12103 | D:12     | Killed a two-headed ogre
 12198 | D:12     | Reached skill level 6 in Polearms
 12218 | D:12     | Acquired the +0 cloak of Rumasez {rElec rC+ Int+9 Dex-2}
 12341 | D:12     | Noticed an eight-headed hydra
 12342 | D:12     | Noticed an ettin
 12346 | D:12     | Killed a five-headed hydra
 12358 | D:12     | HP: 18/82 [ettin/+0 dire flail (25)]
 12361 | D:12     | Killed an ettin
 12586 | D:12     | Noticed a yaktaur captain
 12595 | D:12     | Killed a yaktaur captain
 12596 | D:12     | Reached skill level 12 in Armour
 12596 | D:12     | Noticed a yaktaur captain
 12598 | D:12     | HP: 7/82 [yaktaur captain/bolt (24)]
 12599 | D:12     | Shot with a bolt by a yaktaur captain

Vanquished Creatures
  An ettin (D:12)
  Harold (D:9)
  A hydra (D:12)
  Erolcha (D:10)
  2 two-headed ogres
  Erica (D:9)
  A cyclops (D:11)
  Maggie (D:8)
  Jeremiah (D:7)
  An efreet (D:10)
  Psyche (D:10)
  2 komodo dragons (D:12)
  5 trolls
  Grinder (D:5)
  A shadow (D:11)
  A water elemental (D:12)
  2 steam dragons
  Grum (D:8)
  2 vampire mosquitoes (D:12)
  A wyvern (D:9)
  An ice beast (D:5)
  A swamp drake (D:9)
  2 black bears
  3 orc warriors
  2 sky beasts
  4 ogres
  4 wolves
  5 centaurs
  2 phantoms (D:5)
  3 kobold brigands
  Blork the orc (D:5)
  2 bullfrogs
  2 scorpions
  A gnoll sergeant (D:11)
  3 wights (D:9)
  6 killer bees
  3 electric eels
  2 howler monkeys
  3 hounds
  5 orc priests
  3 iguanas (D:4)
  9 orc wizards
  9 adders
  2 gnolls
  2 white imps (D:7)
  3 dart slugs
  7 ribbon worms
  33 orcs
  8 ball pythons
  6 endoplasms
  3 giant cockroaches
  6 goblins
  8 hobgoblins
  10 jackals
  2 quokkas
  10 bats
  2 frilled lizards (D:3)
  22 kobolds
  5 rats
233 creatures vanquished.

Vanquished Creatures (collateral kills)
  A yaktaur captain (D:12)
  A boulder beetle (D:11)
  A two-headed ogre (D:8)
  Joseph (D:8)
  A gargoyle (D:10)
  A yaktaur (D:12)
  Prince Ribbit (D:8)
  A water elemental (D:12)
  A warg (D:9)
  2 vampire mosquitoes (D:12)
  A water moccasin (D:7)
  A sky beast (D:7)
  A wolf (D:9)
  An ogre (D:6)
  2 centaurs (D:11)
  A kobold brigand (D:11)
  A bullfrog (D:9)
  A gnoll sergeant (D:7)
  2 wights (D:9)
  A jelly (D:8)
  7 killer bees
  An electric eel (D:12)
  A hound (D:7)
  2 orc priests (D:8)
  A gnoll bouda (D:7)
  2 orc wizards
  8 gnolls
  An adder (D:6)
  8 orcs
  2 kobolds
56 creatures vanquished.

Vanquished Creatures (others)
  4 battlemagi
4 creatures vanquished.

Grand Total: 293 creatures vanquished

Table legend:
 A = Non-vault XP
 B = Vault XP
 C = Vault XP percentage of total XP
 D = Non-vault monster count
 E = Vault monster count
 F = Vault count percentage of total count
                 A         B        C        D         E       F
            +---------+---------+-------+---------+---------+-------
      Total |   15233 |    9569 |  38.6 |     242 |      47 |  16.3
            +---------+---------+-------+---------+---------+-------
        D:1 |      51 |       0 |   0.0 |      28 |       0 |   0.0
        D:2 |      74 |       8 |   9.8 |      23 |       2 |   8.0
        D:3 |      53 |       0 |   0.0 |      19 |       0 |   0.0
        D:4 |     524 |       3 |   0.6 |      20 |       2 |   9.1
        D:5 |     660 |     368 |  35.8 |      11 |       2 |  15.4
        D:6 |    1125 |       0 |   0.0 |      32 |       0 |   0.0
        D:7 |    1510 |     377 |  20.0 |      26 |       1 |   3.7
        D:8 |    1658 |    1678 |  50.3 |      17 |       7 |  29.2
        D:9 |    1769 |    2839 |  61.6 |      21 |      27 |  56.2
       D:10 |    2365 |    1219 |  34.0 |      12 |       2 |  14.3
       D:11 |    2382 |       0 |   0.0 |      21 |       0 |   0.0
       D:12 |    3062 |    3077 |  50.1 |      12 |       4 |  25.0
            +---------+---------+-------+---------+---------+-------

Skill      XL: |  1  2  3  4  5  6  7  8  9 10 11 12 |
---------------+-------------------------------------+-----
Armour         | 3 4 5 6 7 8 10 11 12 | 12.0
Axes           | 3 5 7 9 11 | 11.9
Fighting       | 4 5 6 7 8 |  8.0
Polearms       | 2 5 6 |  6.8
Shields        | |  2.1

Action                     |  1- 3 |  4- 6 |  7- 9 | 10-12 || total
---------------------------+-------+-------+-------+-------++-------
  Melee: War axe           |    80 |   108 |   182 |   151 ||   521
         Dagger            |    27 |   105 |   171 |    13 ||   316
         Whip              |       |       |       |    58 ||    58
         Lance             |       |       |       |   181 ||   181
 Invoke: Ancestor Life: Ba |       |       |     1 |       ||     1
         Recall Ancestor   |       |       |       |     1 ||     1
  Evoke: Wand              |       |       |       |    10 ||    10
    Use: Scroll            |     1 |     5 |     2 |    14 ||    22
         Potion            |       |     1 |     4 |     4 ||     9
   Stab: Distracted        |       |       |     1 |     8 ||     9
 Armour: Scale mail        |    82 |   101 |       |       ||   183
         Chain mail        |       |    20 |   223 |   191 ||   434
  Dodge: Dodged            |    47 |    70 |    85 |    81 ||   283
  Block: Buckler           |    14 |       |       |       ||    14

Illustrated notes

Table legend:
 A = Kills in this place as a percentage of kills in the entire game.
 B = Kills by you in this place as a percentage of kills by you in the entire game.
 C = Kills by friends in this place as a percentage of kills by friends in the entire game.
 D = Other kills in this place as a percentage of other kills in the entire game.
 E = Experience gained in this place as a percentage of experience gained in the entire game.
 F = Experience gained in this place divided by the number of levels of this place that you have seen.
                   A       B       C       D       E      F
               +-------+-------+-------+-------+-------+----------------------
         Total | 100.0 | 100.0 | 100.0 |   N/A | 100.0 | 1907.8
       Dungeon | 100.0 | 100.0 | 100.0 |   N/A | 100.0 | 2066.8
               +-------+-------+-------+-------+-------+----------------------

Table legend: (Time is in decaauts)
 A = Elapsed time spent in this place.
 B = Non-inter-level travel time spent in this place.
 C = Inter-level travel time spent in this place.
 D = Time resting spent in this place.
 E = Time spent auto-exploring this place.
 F = Levels seen in this place.
 G = Mean time per level.
                   A        B        C        D        E       F      G
               +--------+--------+--------+--------+--------+-----+--------+
         Total |  12661 |  12123 |    538 |    561 |   9664 |  13 |  973.9 |
       Dungeon |  12622 |  12090 |    532 |    561 |   9664 |  12 | 1051.8 |
        Temple |     39 |     33 |      6 |      0 |      0 |   1 |   39.0 |
               +--------+--------+--------+--------+--------+-----+--------+

Top non-repeatable levels by time:
     D:9: 1369 daAuts
     D:8: 1299 daAuts
     D:4: 1269 daAuts
     D:6: 1183 daAuts
     D:1: 1169 daAuts
     D:7: 1127 daAuts
     D:5: 1074 daAuts
    D:11: 1029 daAuts
     D:2: 902 daAuts
    D:10: 889 daAuts
    D:12: 683 daAuts
     D:3: 624 daAuts
  Temple: 39 daAuts
